 Dungeon Crawl Stone Soup version 0.31.0-1-g2c135a008e (webtiles) character file.

Game seed: 4228165643871793046

282 qw the Shooter (level 6, -11/46 HPs)
             Began as a Djinni Hunter on Jan 23, 2024.
             Mangled by an ogre
             ... wielding a +0 giant club
              (13 damage)
             ... on level 4 of the Dungeon.
             The game lasted 00:00:11 (2325 turns).

qw the Shooter (Djinni Hunter)                      Turns: 2325, Time: 00:00:11

Health: -11/46     AC:  5    Str: 10    XL:     6   Next: 53%
Gold:   40         EV: 11    Int: 10    God:
                   SH:  0    Dex: 19

rFire   + + .        a - +0 shortbow
rCold   x . .        (shield currently unavailable)
rNeg    . . .        i - +0 ring mail
rPois   inf          (no helmet)
rElec   .            (no cloak)
rCorr   .            (no gloves)
SInv    .            (boots unavailable)
Will    .....        (no amulet)
Stlth   +            (no ring)
HPRegen 0.27/turn    (no ring)
MPRegen 0.00/turn

%: infuse magic (-12 HP)
@: flying
A: sickness immunity, fire resistance 2, cold vulnerability 1, float, innate
caster, HP casting, extra vitality 1
a: no special abilities


You were on level 4 of the Dungeon.
You visited 1 branch of the dungeon, and saw 5 of its levels.

You collected 40 gold pieces.


Innate Abilities, Weirdness & Mutations

You are immune to sickness and miasma.
You are immune to poison.
Your flesh is very heat resistant. (rF++)
You are vulnerable to cold. (rC-)
You float through the air rather than walking.
You learn spells naturally, not from books.
Your magical power is your life essence.
You have superior vitality. (+4 MHP)


   Skills:
 + Level 3.0 Fighting
 - Level 5.2 Ranged Weapons
 - Level 1.9 Armour
 - Level 3.0 Dodging
 - Level 0.7 Stealth


You knew the following spells:

 Your Spells              Type           Power      Damage    Failure   Level
a - Freeze                Ice            0%         1d3       67%         1
b - Lesser Beckoning      Tloc           0%         N/A       82%         2
Your spell library was empty.

Inventory:

Hand Weapons
 a - a +0 shortbow (weapon)
Armour
 i - a +0 ring mail (worn)
Scrolls
 d - a scroll of fog {unknown}
Potions
 b - a potion of berserk rage {unknown}
 c - a potion of cancellation {unknown}
 e - a potion of might
 g - 2 potions of curing

Dungeon Overview and Level Annotations

Branches:
Dungeon (5/15)
 Temple: D:4-7

Altars:
Makhleb
Nemelex Xobeh
Okawaru
Qazlal
Wu Jian
The Shining One


Message History

You shoot an arrow. The arrow hits the orc wizard!
The orc wizard is severely wounded.
The orc wizard hits you with a +0 dagger.
You shoot an arrow.
The arrow hits the orc wizard but does no damage.
The orc wizard is severely wounded.
The orc wizard hits you with a +0 dagger.
A goblin opens the door.
An endoplasm comes into view.
The quokka bites you but does no damage.
You shoot an arrow. The arrow hits the orc wizard!
You kill the orc wizard!
The quokka barely misses you. The endoplasm freezes you.
You are frozen!
You feel a terrible chill! The quokka bites you.
Your Dodging skill increases to level 3!
You shoot an arrow. The arrow hits the quokka!
You kill the quokka!
The endoplasm freezes you.
You are frozen.
You feel a terrible chill!
You shoot an arrow. The arrow hits the endoplasm!
You kill the endoplasm!
You shoot an arrow. The arrow hits the ogre.
The ogre is lightly wounded.
The ogre hits you with a +0 giant club!!
Ouch! That really hurt!
You shoot an arrow. The arrow hits the ogre.
The ogre is moderately wounded.
The ogre misses you.
You shoot an arrow. The arrow hits the ogre.
The ogre is heavily wounded.
The ogre hits you with a +0 giant club!
You shoot an arrow. The arrow hits the ogre.
The ogre is severely wounded.
The ogre barely misses you.
You shoot an arrow.
The arrow hits the ogre but does no damage.
The ogre is severely wounded.
The ogre hits you with a +0 giant club!
You die... . .. . #. #.#. ) #.. .#. .. .. ..### #.. . .. 'o.

..+ .. ##.
#O#...# #.
#..###@....##
#.#.#...#...#...
#..............
#.#.#)###.....#
#...>......####
#.##.##.##### .
#.##.# #.##.#
#.##.#


You could see an ogre and an orc.

Vanquished Creatures
  A kobold brigand (D:4)
  An orc priest (D:2)
  An orc wizard (D:4)
  7 gnolls
  An adder (D:2)
  3 dart slugs
  4 orcs
  7 endoplasms
  2 giant cockroaches
  3 goblins
  8 hobgoblins
  7 jackals
  4 kobolds
  4 quokkas
  4 ball pythons
  5 bats
  2 frilled lizards
  7 rats
71 creatures vanquished.

Notes
Turn   | Place    | Note
-------+----------+-------------------------------------------
     0 | D:1      | qw the Djinni Hunter began the quest for the Orb.
     0 | D:1      | Reached XP level 1. HP: 18/18 MP: 0/0
     0 | D:1      | 0 ||| qw: Version: 0.3-a-134-g2ba4250
     0 | D:1      | 0 ||| qw: Game counter: 681
     0 | D:1      | 0 ||| qw: Melee chars always use a shield: true
     0 | D:1      | 0 ||| qw: God list: Okawaru
     0 | D:1      | 0 ||| qw: Allow faded altars: false
     0 | D:1      | 0 ||| qw: Do Orc after clearing Dungeon:15 true
     0 | D:1      | 0 ||| qw: Do second Lair branch before Depths: true
     0 | D:1      | 0 ||| qw: Lair rune preference: random
     0 | D:1      | 0 ||| qw: Goals: Normal
     0 | D:1      | 0 ||| PLANNING D:1-11
    76 | D:1      | Reached XP level 2. HP: 23/23 MP: 0/0
   310 | D:1      | Reached XP level 3. HP: 28/28 MP: 0/0
   310 | D:1      | Learned a level 1 spell: Freeze
   447 | D:1      | Reached skill level 4 in Ranged Weapons
   714 | D:1      | Noticed a Hell Sentinel
   717 | D:1      | Found a faded altar of an unknown god.
   720 | D:1      | 720 ||| READING scroll labelled LYBBYF ATZEMO.
   821 | D:1      | 821 ||| READING 3 scrolls labelled BYITUBL XUZYLE.
   822 | D:1      | 822 ||| DROPPING scroll of butterflies.
   823 | D:1      | 823 ||| DROPPING 2 scrolls of immolation.
  1030 | D:2      | Reached XP level 4. HP: 14/34 MP: 0/0
  1120 | D:2      | Reached skill level 3 in Fighting
  1382 | D:2      | 1382 ||| UPGRADING to +0 ring mail.
  1392 | D:2      | 1392 ||| DROPPING +0 leather armour.
  1393 | D:2      | 1393 ||| READING 3 scrolls labelled WECAICINEN.
  1393 | D:2      | 1393 ||| IDENTIFYING bubbling sapphire potion
  1394 | D:2      | 1394 ||| READING 2 scrolls of identify.
  1394 | D:2      | 1394 ||| IDENTIFYING red potion
  1395 | D:2      | 1395 ||| READING scroll of identify.
  1395 | D:2      | 1395 ||| IDENTIFYING fizzy golden potion
  1396 | D:2      | 1396 ||| READING scroll labelled WEIRIA LUDUHE.
  1397 | D:2      | 1397 ||| READING scroll labelled ACRE BUNEOMNEU.
  1400 | D:2      | 1400 ||| DRINKING 3 silvery potions.
  1401 | D:2      | 1401 ||| DROPPING potion of degeneration.
  1402 | D:2      | 1402 ||| DROPPING potion of magic.
  1439 | D:3      | 1439 ||| FLEEEEING.
  1441 | D:3      | 1441 ||| FLEEEEING.
  1442 | D:3      | 1442 ||| STAIRDANCE
  1500 | D:3      | 1500 ||| STAIRDANCE
  1534 | D:3      | 1534 ||| STAIRDANCE
  1608 | D:3      | 1608 ||| STAIRDANCE
  1613 | D:2      | Reached skill level 1 in Armour
  1613 | D:2      | Reached XP level 5. HP: 23/40 MP: 0/0
  1613 | D:2      | Learned a level 2 spell: Lesser Beckoning
  1681 | D:3      | 1681 ||| STAIRDANCE
  1727 | D:3      | 1727 ||| STAIRDANCE
  1740 | D:3      | 1740 ||| STAIRDANCE
  1804 | D:3      | 1804 ||| STAIRDANCE
  1809 | D:3      | 1809 ||| STAIRDANCE
  2102 | D:3      | Found a stormy altar of Qazlal.
  2103 | D:3      | Found an iron altar of Okawaru.
  2104 | D:3      | 2104 ||| PLANNING OKAWARU WORSHIP
  2106 | D:3      | Found a burning altar of Makhleb.
  2106 | D:3      | Found a sparkling altar of Nemelex Xobeh.
  2107 | D:3      | Found an ornate altar of the Wu Jian Council.
  2107 | D:3      | Found a glowing golden altar of the Shining One.
  2107 | D:3      | You are sucked into a shaft and drop 2 floors!
  2107 | D:5      | Entered Level 5 of the Dungeon
  2249 | D:4      | Noticed a kobold brigand
  2260 | D:4      | Killed a kobold brigand
  2261 | D:4      | Reached skill level 5 in Ranged Weapons
  2261 | D:4      | Reached XP level 6. HP: 35/46 MP: 0/0
  2314 | D:4      | Noticed an ogre
  2319 | D:4      | Reached skill level 3 in Dodging
  2321 | D:4      | HP: 8/46 [ogre/+0 giant club (23)]
  2323 | D:4      | HP: 2/46 [ogre/+0 giant club (7)]
  2325 | D:4      | Mangled by an ogre

Levels and vault maps discovered:
D:1:      psy_arrival_dodecagon, layout_basic,
          dreamdust_ecumenical_altar_sealed_demon, chequers_arboretum
D:2:      layout_basic
D:3:      layout_loops_ring, nicolae_overflows_in_rows
D:4:      layout_loops_ring, minmay_fractal_squares_diagonal_5, uniq_ijyb
D:5:      layout_gridville, uniq_pikel

Skill      XL: |  1  2  3  4  5  6 |
---------------+-------------------+-----
Ranged Weapons | 4 5 |  5.2
Fighting       | 3 |  3.0
Armour         | 1 |  1.9
Dodging        | 3 |  3.0
Stealth        | |  0.7

Action                     |  1- 3 |  4- 6 || total
---------------------------+-------+-------++-------
   Fire: Shortbow          |   115 |   146 ||   261
    Use: Scroll            |     2 |     5 ||     7
         Potion            |       |     1 ||     1
 Armour: Leather armour    |    48 |    12 ||    60
         Ring mail         |       |    55 ||    55
  Dodge: Dodged            |    48 |    84 ||   132

Table legend:
 A = Non-vault XP
 B = Vault XP
 C = Vault XP percentage of total XP
 D = Non-vault monster count
 E = Vault monster count
 F = Vault count percentage of total count
                 A         B        C        D         E       F
            +---------+---------+-------+---------+---------+-------
      Total |     266 |     137 |  34.0 |      68 |       3 |   4.2
            +---------+---------+-------+---------+---------+-------
        D:1 |      42 |       0 |   0.0 |      23 |       0 |   0.0
        D:2 |     152 |       0 |   0.0 |      33 |       0 |   0.0
        D:3 |      25 |       0 |   0.0 |       7 |       0 |   0.0
        D:4 |       4 |     137 |  97.2 |       2 |       3 |  60.0
        D:5 |      43 |       0 |   0.0 |       3 |       0 |   0.0
            +---------+---------+-------+---------+---------+-------
